 Dungeon Crawl Stone Soup version 0.31-b1-18-g61460d1e46 (webtiles) character file.

Game seed: 4720768028671936548

1187 Esekla the Covert (level 8, -12/55 HPs)
             Began as an Octopode Delver on Jan 16, 2024.
             Was an Initiate of Gozag.
             Killed from afar by a steam dragon (17 damage)
             ... with a ball of steam
             ... on level 6 of the Dungeon.
             The game lasted 00:40:04 (6810 turns).

Esekla the Covert (Octopode Delver)                 Turns: 6810, Time: 00:40:04

Health: -12/55     AC:  1    Str: 11    XL:     8   Next: 43%
Magic:  12/12      EV: 13    Int: 21    God:    Gozag
Gold:   217        SH:  6    Dex: 13    Spells: 10/13 levels left

rFire   . . .        a - +0 falchion
rCold   . . .        n - +2 buckler {reflect}
rNeg    . . .        (helmet restricted)
rPois   .            c - amulet of the acrobat
rElec   .            t - +6 ring of intelligence
rCorr   .            (no ring)
SInv    .            (no ring)
Will    .....        (no ring)
Stlth   +++++        (no ring)
HPRegen 0.29/turn    (no ring)
MPRegen 0.13/turn    (no ring)
                     (no ring)

%: reflection, acrobat
@: no status effects
A: almost no armour, amphibious, 8 rings, camouflage 1, gelatinous body 1,
(nimble swimmer 1), tentacles
a: Renounce Religion, Potion Petition, Call Merchant, Bribe Branch


You were on level 6 of the Dungeon.
You worshipped Gozag.
Gozag was aware of your devotion.
You visited 2 branches of the dungeon, and saw 7 of its levels.

You collected 955 gold pieces.
You spent 320 gold pieces at shops.
You paid 418 gold pieces to Gozag.

Inventory:

Hand Weapons
 a - a +0 falchion (weapon)
 r - a +0 spear
 s - a +1 dagger of flaming
 v - a +1 dagger of venom
Armour
 n - a +2 buckler of reflection (worn)
Jewellery
 c - an amulet of the acrobat (around mantle)
 t - a +6 ring of intelligence (left tentacle)
Wands
 f - a wand of digging (11)
 o - a wand of flame (8)
Scrolls
 b - 3 scrolls of fog
 h - 2 scrolls of enchant weapon {unknown}
 i - a scroll of noise {unknown}
 j - a scroll of teleportation
 l - 4 scrolls of amnesia {unknown}
 q - 2 scrolls of revelation
 u - 2 scrolls of blinking {unknown}
 x - a scroll of silence {unknown}
 y - 2 scrolls of enchant armour {unknown}
 z - a scroll of immolation {unknown}
Potions
 d - 2 potions of curing {unknown}
 e - 2 potions of haste
 g - 2 potions of magic
 k - a potion of enlightenment {unknown}
 m - a potion of mutation
 p - a potion of ambrosia {unknown}
 w - a potion of brilliance {unknown}


   Skills:
 * Level 5.0 Fighting
 + Level 3.2(4.2) Short Blades
 * Level 4.0(4.6) Long Blades
 * Level 3.8 Dodging
 + Level 9.8 Stealth
 * Level 3.2 Spellcasting
 * Level 0.5 Ice Magic
 + Level 0.1 Evocations


You had 10 spell levels left.
You knew the following spells:

 Your Spells              Type           Power      Damage    Failure   Level
r - Frozen Ramparts       Ice            10%        1d2       41%         3

Your spell library contained the following spells:

 Spells                   Type           Power      Damage    Failure   Level
 Freeze                   Ice            20%        1d4       16%         1
 Hailstorm                Conj/Ice       4%         3d5       45%         3
 Summon Ice Beast         Ice/Summ       4%         N/A       45%         3
 Sculpt Simulacrum        Ice/Alch       2%         N/A       100%        6


Dungeon Overview and Level Annotations

Branches:
Dungeon (6/15)             Temple (1/1) D:5

Altars:
Ashenzari
Cheibriados
Dithmenos
Elyvilon
Fedhas
Gozag
Hepliaklqana
Kikubaaqudgha
Makhleb
Nemelex Xobeh
Okawaru
Qazlal
Ru
Trog
Uskayaw
Vehumet
Wu Jian
Xom
Yredelemnul
Zin
The Shining One

Shops:
D:5 :

Annotations:
D:3 3 runed translucent doors, Arctor's ghost, amateur HuFi
D:6 ogre & steam dragon


Innate Abilities, Weirdness & Mutations

You cannot wear most types of armour.
You are amphibious.
You can wear up to eight rings at the same time.
Your skin changes colour to match your surroundings (Stealth+).
Your rubbery body absorbs attacks. (AC +1, EV +1)
((You are camouflaged when in or above water. (Stealth+)))
You have tentacles for arms and can constrict up to eight enemies at once.


Message History

You block the steam dragon's attack. The steam dragon completely misses you.
Your +1 dagger of venom begins to drip with poison!
v - a +1 dagger of venom (weapon)
You hit the steam dragon but do no damage.
The steam dragon is heavily wounded.
The steam dragon bites you. The steam dragon barely misses you.
You hit the steam dragon but do no damage.
The steam dragon looks as sick as possible!
You squeeze the steam dragon.
The steam dragon is heavily wounded.
The steam dragon bites you. The steam dragon claws you.
Okay, then.
Your +1 dagger of venom stops dripping with poison.
a - a +0 falchion (weapon)
You hit the steam dragon but do no damage.
The steam dragon is heavily wounded.
The steam dragon closely misses you.
The steam dragon claws you but does no damage.
You block the steam dragon's attack. The steam dragon claws you.
* * * LOW HITPOINT WARNING * * *
You closely miss the steam dragon.
The steam dragon is heavily wounded.
The steam dragon bites you!
* * * LOW HITPOINT WARNING * * *
The steam dragon closely misses you.
Okay, then.
You closely miss the steam dragon. Your squeeze misses the steam dragon.
The steam dragon is severely wounded.
The steam dragon barely misses you. The steam dragon closely misses you.
Unknown command.
Okay, then.
You barely miss the steam dragon.
The steam dragon is severely wounded.
The steam dragon closely misses you. The steam dragon barely misses you.
You hit the steam dragon.
The steam dragon is severely wounded.
The steam dragon breathes steam at you. The ball of steam hits you!
You die...
Your body crumbles into a pile of gold.

########### #......../#
#.......:.#
#########.........##
##..........D@.......
####..#######.........##
.....## ##..........#
###### #....!..<...#
....####
##.#.........#######
###....#
#..###########.....#
####.###.## ##### #.....#
#......# ##...###.....#
#####..####...>.##.....##


You could see a steam dragon (very poisoned, catching breath).

Vanquished Creatures
  Eustachio (D:4)
  An ice beast (D:6)
  2 ogres
  3 phantoms
  A howler monkey (D:6)
  A bombardier beetle (D:5)
  3 hounds
  An orc priest (D:5)
  A jelly (D:6)
  A gnoll bouda (D:3)
  A sleepcap (D:4)
  Jessica (D:2)
  5 gnolls
  8 adders
  A shadow imp (D:5)
  A white imp (D:6)
  2 dart slugs
  2 ribbon worms (D:3)
  8 orcs
  7 ball pythons
  5 bats
  7 endoplasms
  5 giant cockroaches
  7 hobgoblins
  2 jackals (D:1)
  8 kobolds
  4 quokkas
  A frilled lizard (D:2)
  11 goblins
  7 rats
108 creatures vanquished.

Notes
Turn   | Place    | Note
-------+----------+-------------------------------------------
     0 | D:5      | Esekla the Octopode Delver began the quest for the Orb.
     0 | D:5      | Reached XP level 1. HP: 16/16 MP: 1/1
    49 | D:5      | Found a staircase to the Ecumenical Temple.
    71 | Temple   | Entered the Ecumenical Temple
    81 | Temple   | Became a worshipper of Gozag Ym Sagoz the Greedy
   246 | D:5      | Noticed an orc priest
   344 | D:4      | Noticed a hound
   378 | D:4      | Noticed a phantom
   391 | D:3      | Reached XP level 2. HP: 21/21 MP: 2/2
   457 | D:4      | Noticed Eustachio
   790 | D:2      | Reached skill level 7 in Stealth
   831 | D:2      | Found a faded altar of an unknown god.
   868 | D:2      | Noticed Jessica
  1014 | D:3      | Reached XP level 3. HP: 11/26 MP: 3/3
  1366 | D:1      | Reached XP level 4. HP: 31/31 MP: 5/5
  1406 | D:1      | Reached skill level 1 in Spellcasting
  2529 | D:2      | Found a broken altar of Ashenzari.
  2658 | D:2      | Killed Jessica
  2659 | D:2      | Reached skill level 8 in Stealth
  2659 | D:2      | Reached XP level 5. HP: 19/36 MP: 7/7
  2986 | D:3      | Reached skill level 1 in Short Blades
  3167 | D:3      | Noticed Arctor's ghost (amateur HuFi)
  3172 | D:3      | Found a runed translucent gate.
  3172 | D:3      | Found a runed translucent gate.
  3180 | D:3      | Found a runed translucent gate.
  3386 | D:3      | Noticed an ogre
  3418 | D:3      | Reached XP level 6. HP: 35/42 MP: 8/8
  3527 | D:3      | Found a sparkling altar of Nemelex Xobeh.
  4343 | D:4      | Killed Eustachio
  4344 | D:4      | Reached skill level 9 in Stealth
  4344 | D:4      | Reached XP level 7. HP: 16/47 MP: 10/10
  5000 | D:4      | Found a burning altar of Makhleb.
  5103 | D:5      | Identified the +0 ring mail "Qeemuhog" {Int+7}
  5581 | D:5      | Reached XP level 8. HP: 37/54 MP: 12/12
  6203 | D:6      | Reached skill level 5 in Fighting
  6632 | D:5      | Bought a book of Frost for 320 gold pieces
  6637 | D:5      | Learned a level 3 spell: Frozen Ramparts
  6810 | D:6      | Killed from afar by a steam dragon

Illustrated notes

Levels and vault maps discovered:
D:1:      dpeg_arrival_tiny_b, layout_basic
D:2:      minmay_spotlight, layout_basic, ebering_ecumenical_altar_abandoned,
          basic_altar, uniq_jessica
D:3:      minmay_chambers_of_threes, layout_basic, nemelex_altar_shiori,
          gammafunk_ghost_split, nicolae_grassy_gnolls
D:4:      layout_basic, lemuel_round_altar, kennysheep_generic_room_7,
          uniq_eustachio
D:5:      layout_rooms, minmay_temple_entry_trees
D:6:      layout_rooms, kennysheep_orc_sif_temple
Temple:   nicolae_temple_bog_church

Skill      XL: |  1  2  3  4  5  6  7  8 |
---------------+-------------------------+-----
Stealth        | 7 8 9 |  9.8
Spellcasting   | 1 2 3 |  3.2
Short Blades   | 1 2 3 |  3.2
Long Blades    | 3 4 |  4.0
Dodging        | 3 |  3.8
Fighting       | 4 5 |  5.0
Ice Magic      | |  0.5
Evocations     | |  0.1

Action                     |  1- 3 |  4- 6 |  7- 9 || total
---------------------------+-------+-------+-------++-------
  Melee: Falchion          |    30 |     9 |    14 ||    53
         Tentacles         |    10 |    35 |    28 ||    73
         Constrict         |     7 |    32 |    17 ||    56
         Dagger            |     7 |   115 |   109 ||   231
         Punch             |       |     1 |     5 ||     6
 Invoke: Call Merchant     |       |       |     1 ||     1
  Evoke: Wand              |       |       |    10 ||    10
    Use: Scroll            |     2 |       |     6 ||     8
         Potion            |       |       |     2 ||     2
   Stab: Sleeping          |    11 |    13 |     4 ||    28
         Distracted        |       |     1 |       ||     1
 Armour: Skin              |     8 |    43 |    68 ||   119
  Dodge: Dodged            |    25 |    49 |    78 ||   152
  Block: Buckler           |       |       |     2 ||     2
